 Dungeon Crawl Stone Soup version 0.29.0 (webtiles) character file.

Game seed: 17847170946280362006

161 vykuza the Ducker (level 5, -6/37 HPs)
             Began as an Octopode Berserker on Aug 27, 2022.
             Was a Believer of Trog.
             Killed by divine providence
             ... invoked by an orc priest
              (14 damage)
             ... on level 2 of the Dungeon.
             The game lasted 00:03:13 (1899 turns).

vykuza the Ducker (Octopode Berserker)              Turns: 1899, Time: 00:03:13

Health: -6/37      AC:  1    Str: 19    XL:     5   Next: 42%
Magic:  5/5        EV: 18    Int:  9    God:    Trog [**....]
Gold:   128        SH:  0    Dex: 11    Spells: 4/4 levels left

rFire   . . .      SeeInvis .   a - +0 hand axe
rCold   . . .      Faith    .   (no shield)
rNeg    . . .      Spirit   .   (helmet restricted)
rPois   .          Reflect  .   (no amulet)
rElec   .          Harm     .   b - +4 ring of evasion
rCorr   .          Rampage  .   (no ring)
Will    .....                   (no ring)
Stlth   ++........              (no ring)
HPRegen 0.12/turn               (no ring)
MPRegen 0.09/turn               (no ring)
                                (no ring)
                                (no ring)

@: on berserk cooldown, slowed, very slow
A: almost no armour, amphibious, 8 rings, camouflage 1, gelatinous body 1,
(nimble swimmer 1), tentacles
a: Renounce Religion, Berserk, Trog's Hand


You were on level 2 of the Dungeon.
You worshipped Trog.
Trog was pleased with you.
You visited 1 branch of the dungeon, and saw 2 of its levels.

You collected 128 gold pieces.

Inventory:

Hand Weapons
 a - a +0 hand axe (weapon)
Jewellery
 b - a +4 ring of evasion (left tentacle)
Scrolls
 c - 2 scrolls of fear {unknown}
 e - a scroll of immolation {unknown}
 f - 2 scrolls of amnesia {unknown}
 h - a scroll of teleportation {unknown}
Potions
 d - a potion of lignification {unknown}
 g - 2 potions of haste {unknown}
 i - a potion of heal wounds {unknown}
 j - a potion of mutation {unknown}


   Skills:
 + Level 3.9 Fighting
 + Level 3.9 Axes
 + Level 3.9 Dodging
 + Level 2.2 Shields


You had 4 spell levels left.
You didn't know any spells.
Your spell library was empty.

Dungeon Overview and Level Annotations

Branches:
Dungeon (2/15)

Altars:

Shops:
D:1 !


Innate Abilities, Weirdness & Mutations

You cannot wear most types of armour.
You are amphibious.
You can wear up to eight rings at the same time.
Your skin changes colour to match your surroundings (Stealth+).
Your rubbery body absorbs attacks. (AC +1, EV +1)
((You are camouflaged when in or above water. (Stealth+)))
You have tentacles for arms and can constrict up to eight enemies at once.


Message History

You barely miss the orc. Your grab misses the orc.
The orc hits you with a +0 club.
You barely miss the orc. You grab the orc. You constrict the orc.
The orc completely misses you.
You hit the orc.
The orc is moderately wounded.
You constrict the orc, but do no damage.
You hit the orc.
The orc is almost dead.
You constrict the orc.
You kill the orc!
Trog accepts your kill.
You slash the orc!
You kill the orc!
Trog accepts your kill.
You barely miss the adder. Your grab misses the adder. The adder misses you.
The orc priest miscasts a cantrip.
You closely miss the adder. You grab the adder. Your squeeze misses the adder.
You are no longer berserk.
You are exhausted.
You feel yourself slow down.
You constrict the adder. The adder barely misses you.
The orc priest looks satisfied for a moment.
You hit the adder but do no damage.
The adder is lightly wounded.
You constrict the adder. The adder closely misses you. The adder misses you.
You hit the adder.
The adder is severely wounded.
You constrict the adder.
You kill the adder!
Trog accepts your kill.
The orc priest calls down the wrath of Beogh upon you.
Beogh smites you!
* * * LOW HITPOINT WARNING * * *
The orc hits you with a +0 hand axe.
* * * LOW HITPOINT WARNING * * *
You barely miss the orc. Your grab misses the orc.
The orc priest calls down the wrath of Beogh upon you.
Beogh smites you!
You die...

. #.#.#.. .....# #....#
....# ########## #...#
#......... .o.
#.########
###o####.##.#....###
#..@)†...##.#.##....
#.....#..######.#.......
#..#..##........#.#.....
# .........######.#.####
..##.......#####.#.# #.
#...###.....##.#.#### #
#... #.....'..#.....
#..# #.....######### #..
##......)......


You could see an orc priest and an orc.

Vanquished Creatures
  A necrophage (D:2)
  An orc priest (D:2)
  2 adders (D:2)
  2 worms (D:2)
  2 orcs (D:2)
  2 bats (D:1)
  An endoplasm (D:2)
  A giant cockroach (D:1)
  4 goblins
  2 hobgoblins
  5 jackals (D:1)
  A quokka (D:2)
  2 ball pythons (D:1)
  8 kobolds
  9 rats (D:1)
43 creatures vanquished.

Notes
Turn   | Place    | Note
-------+----------+-------------------------------------------
     0 | D:1      | vykuza the Octopode Berserker began the quest for the Orb.
     0 | D:1      | Reached XP level 1. HP: 16/16 MP: 1/1
    19 | D:1      | Found a faded altar of an unknown god.
   458 | D:1      | Reached XP level 2. HP: 16/20 MP: 2/2
   823 | D:1      | Reached skill level 1 in Shields
   957 | D:1      | Found Foagor's Distillery.
   967 | D:1      | Reached XP level 3. HP: 26/26 MP: 3/3
   967 | D:1      | Reached ** piety under Trog
  1309 | D:2      | Noticed a necrophage
  1317 | D:2      | Killed a necrophage
  1318 | D:2      | Reached XP level 4. HP: 19/33 MP: 4/4
  1888 | D:2      | Reached XP level 5. HP: 37/37 MP: 5/5
  1899 | D:2      | Killed from afar by an orc priest

Illustrated notes

Levels and vault maps discovered:
D:1:      dpeg_arrival_ternary, layout_basic, basic_ecumenical_altar,
          serial_shops, nicolae_diamond_shop, serial_glass, glass_columns_b,
          glass_columns_a
D:2:      layout_basic

Skill      XL: |  1  2  3  4 |
---------------+-------------+-----
Shields        | 1 2 |  2.2
Fighting       | |  3.9
Axes           | |  3.9
Dodging        | |  3.9

Action                   |  1- 3 |  4- 6 || total
-------------------------+-------+-------++-------
Melee: Hand axe          |    70 |    23 ||    93
       Constrict         |    13 |     6 ||    19
       Tentacles         |    11 |     2 ||    13
Invok: Berserk           |       |     1 ||     1
 Stab: Sleeping          |     5 |       ||     5
Armor: Skin              |     6 |     1 ||     7
Dodge: Dodged            |    62 |    11 ||    73
